Map: [ESL] Hecate

Players

Harstem

  • Race: Protoss Protoss
  • Spawn Location: 7:00

HeroMarine - Winner!

  • Race: Terran Terran
  • Spawn Location: 1:00

Event: ESL SC2 Masters 2023 Winter (Finals)

VOD

Have the link to the VOD?

Description

Time

  • Played on: Dec. 15, 2023, 4:34 p.m.
  • Length: 15:41

All games in this series

Show
View Real Time Build Order
Export as new Build Order

Harstem Protoss 

Build Orders: 1 Gate Expand, Oracle Opening, Phoenix Opening 

Get SALT Encoding   

  12  0:00  Probe  
  13  0:12  Probe  
  14  0:17  Pylon  
  14  0:24  Probe (Chrono Boost)  
  15  0:36  Gateway, Probe (Chrono Boost)  
  16  0:45  Probe (Chrono Boost)  
  16  0:46  Assimilator  
  17  0:51  Probe  
  18  1:03  Probe  
  19  1:18  Nexus  
  19  1:27  Cybernetics Core  
  19  1:31  Probe  
  20  1:36  Assimilator  
  20  1:43  Probe  
  20  1:46  Pylon  
  21  1:55  Probe  
  21  2:01  Stalker (Chrono Boost)  
  24  2:11  Shield Battery  
  24  2:12  Probe  
  24  2:23  Adept (Chrono Boost)  
  24  2:24  Probe  
  27  2:30  Probe  
  27  2:34  Stargate  
  28  2:38  Probe  
  28  2:42  Probe  
  30  2:50  Probe, Adept (Chrono Boost)  
  30  2:52  Warp Gate  
  30  2:54  Probe  
  32  3:02  Probe  
  33  3:07  Probe  
  33  3:14  Probe  
  33  3:16  Oracle (Chrono Boost)  
  33  3:19  Probe  
  36  3:26  Shield Battery, Probe  
  37  3:31  Probe (Chrono Boost)  
  39  3:41  Pylon  
  39  3:43  Probe (Chrono Boost)  
  39  3:44  Probe (Chrono Boost)  
  39  3:47  Phoenix  
  42  3:50  Probe (Chrono Boost)  
  42  3:53  Probe (Chrono Boost)  
  44  3:59  Robotics Facility, Probe  
  45  4:05  Probe  
  46  4:12  Probe  
  46  4:13  Phoenix (Chrono Boost)  
  50  4:17  Probe  
  50  4:20  Pylon  
  50  4:25  Pylon  
  50  4:29  Probe  
  50  4:30  Assimilator  
  51  4:34  Gateway  
  51  4:35  Phoenix (Chrono Boost)  
  51  4:38  Probe  
  49  4:46  Probe  
  49  4:47  Observer (Chrono Boost)  
  49  4:52  Probe  
  51  4:58  Probe  
  51  5:01  Zealot  
  51  5:04  Probe  
  54  5:10  Probe  
  55  5:16  Pylon, Probe  
  56  5:21  Assimilator  
  56  5:23  Probe  
  56  5:26  Phoenix (Chrono Boost)  
  56  5:28  Probe  
  60  5:35  Probe  
  61  5:40  Pylon, Probe  
  62  5:43  Robotics Bay  
  63  5:52  Phoenix  
  66  5:59  Nexus  
  66  6:03  Probe x2  
  66  6:05  Observer  
  67  6:15  Probe x2  
  69  6:18  Phoenix  
  69  6:23  Pylon  
  71  6:27  Colossus (Chrono Boost), Probe x2  
  79  6:37  Pylon  
  79  6:39  Sentry, Probe  
  83  6:40  Probe  
  83  6:43  Pylon  
  83  6:48  Pylon  
  83  6:50  Stalker  
  83  6:51  Pylon  
  83  6:52  Probe  
  86  6:58  Probe  
  87  7:05  Stalker  
  87  7:06  Probe  
  88  7:11  Colossus (Chrono Boost)  
  88  7:14  Probe  
  89  7:25  Nexus  
  89  7:28  Stalker x2  
  89  7:30  Phoenix  
  89  7:31  Pylon  
  89  7:36  Forge, Probe  
  92  7:50  Shield Battery  
  92  7:55  Zealot x2, Phoenix  
  98  7:59  Probe  
  98  8:00  Extended Thermal Lance  
  99  8:13  Shield Battery  
  99  8:21  Zealot x2  
  99  8:24  Probe  
  99  8:26  Pylon  
  106  8:27  Photon Cannon, Protoss Ground Weapons Level 1 (Chrono Boost)  
  106  8:32  Pylon  
  104  8:34  Probe  
  104  8:38  Probe x2, Pylon  
  107  8:42  Phoenix  
  107  8:43  Observer  
  107  8:46  Twilight Council  
  107  8:48  Stalker  
  109  8:53  Colossus (Chrono Boost)  
  109  8:59  Assimilator  
  113  9:05  Sentry, Pylon, Assimilator, Probe  
  113  9:09  Photon Cannon  
  116  9:17  Gateway  
  116  9:19  Gateway  
  116  9:21  Zealot  
  116  9:22  Gateway  
  118  9:25  Gateway, Charge (Chrono Boost)  
  118  9:32  Probe  
  118  9:34  Zealot  
  118  9:37  Immortal (Chrono Boost)  
  125  9:44  Robotics Facility  
  125  9:48  Probe  
  125  9:52  Zealot  
  128  10:01  Immortal (Chrono Boost)  
  128  10:05  Zealot  
  128  10:06  Observer  
  124  10:13  Nexus, Observer  
  122  10:17  Pylon, Probe x2  
  122  10:21  Gateway  
  124  10:30  Probe  
  124  10:33  Photon Cannon  
  129  10:36  Observer (Chrono Boost)  
  129  10:38  Shield Battery  
  129  10:40  Sentry  
  129  10:41  Zealot x3, Pylon  
  138  10:44  Protoss Ground Weapons Level 2 (Chrono Boost)  
  138  10:45  Immortal (Chrono Boost)  
  138  10:47  Probe, Forge  
  138  10:50  Probe  
  138  10:53  Probe  
  138  10:55  Immortal (Chrono Boost)  
  140  10:59  Sentry  
  140  11:02  Blink  
  143  11:06  Stalker  
  143  11:08  Stalker  
  143  11:10  Sentry  
  149  11:16  Shield Battery  
  149  11:18  Stalker x2  
  153  11:25  Disruptor (Chrono Boost)  
  155  11:34  Probe  
  155  11:35  Disruptor (Chrono Boost), Shield Battery  
  155  11:37  Protoss Ground Armor Level 1 (Chrono Boost)  
  156  11:41  Sentry, Zealot x3  
  162  11:50  Photon Cannon  
  162  11:56  Disruptor  
  166  12:02  Photon Cannon  
  166  12:03  Disruptor, Stalker x2  
  174  12:09  Zealot x3  
  174  12:12  Pylon  
  180  12:17  Dark Shrine  
  160  12:30  Zealot x7  
  160  12:32  Disruptor  
  139  12:44  Disruptor  
  141  12:52  Sentry, Stalker x2  
  141  12:53  Stalker x2  
  141  12:55  Pylon  
  149  13:03  Stalker x2  
  138  13:20  Stalker x5  
  146  13:27  Stalker x2  
  146  13:28  Observer  
  144  13:39  Probe  
  137  13:43  Disruptor (Chrono Boost), Probe  
  137  13:44  Zealot x5  
  152  13:53  Disruptor (Chrono Boost)  
  152  13:56  Dark Templar  
  152  14:00  Zealot  
  152  14:02  Photon Cannon  
  156  14:05  Photon Cannon  
  156  14:07  Shield Battery  
  152  14:24  Stalker x4  
  152  14:25  Stalker x2  
  162  14:37  Disruptor  
  164  14:42  Zealot  
  166  14:48  Stalker x3  
  166  14:51  Zealot, Stalker  
  176  15:02  Dark Templar  
  176  15:03  Zealot  
  151  15:22  Stalker x3  
  142  15:35  Zealot x3  
Show
View Real Time Build Order
Export as new Build Order

HeroMarine Terran - Winner!

Build Orders:  

Get SALT Encoding   

  12  0:00  SCV  
  13  0:12  SCV  
  14  0:17  Supply Depot  
  14  0:24  SCV  
  15  0:39  SCV  
  15  0:40  Barracks  
  16  0:46  Refinery  
  16  0:51  SCV  
  16  0:56  Refinery  
  17  1:03  SCV  
  18  1:15  SCV  
  19  1:27  Orbital Command, Reaper  
  20  1:37  Supply Depot  
  20  1:44  Factory  
  20  1:53  SCV  
  21  1:57  Bunker  
  21  2:00  Reaper  
  22  2:05  SCV  
  23  2:17  SCV  
  24  2:29  SCV  
  25  2:32  Command Center, Factory Reactor  
  25  2:41  Supply Depot  
  25  2:42  SCV  
  26  2:54  SCV  
  26  2:57  Starport  
  27  3:06  SCV  
  27  3:18  SCV  
  28  3:22  Widow Mine x2  
  28  3:24  Supply Depot  
  32  3:30  SCV  
  32  3:34  Medivac  
  35  3:42  SCV  
  35  3:43  Barracks, Widow Mine  
  35  3:44  Widow Mine  
  35  3:45  Orbital Command  
  40  3:54  Armory  
  40  3:57  Barracks Tech Lab, SCV  
  41  4:13  SCV x2  
  40  4:17  Marine x2  
  40  4:18  Starport Tech Lab, Factory Tech Lab  
  40  4:21  Cyclone  
  42  4:25  SCV  
  42  4:26  SCV  
  44  4:31  Barracks Tech Lab  
  44  4:32  Barracks  
  44  4:35  Marine x2  
  44  4:38  SCV x2  
  48  4:40  Raven  
  50  4:50  SCV x2  
  50  4:56  Stimpack, Marine x3  
  50  4:59  Engineering Bay  
  53  5:02  SCV x2  
  55  5:13  Marine  
  55  5:14  SCV x2, Marine x2  
  53  5:20  Supply Depot  
  56  5:25  Terran Infantry Weapons Level 1  
  56  5:26  SCV  
  56  5:28  SCV  
  58  5:31  Missile Turret, Refinery  
  58  5:33  Marine x2  
  58  5:34  Missile Turret  
  58  5:35  Marine x2  
  62  5:38  Starport Reactor  
  62  5:41  Combat Shield  
  62  5:42  SCV  
  63  5:44  Supply Depot  
  63  5:46  SCV  
  64  5:51  Marine  
  64  5:53  Marine  
  64  5:54  Marine, SCV  
  68  5:57  Marine  
  68  5:58  Factory Reactor, SCV  
  68  6:02  Supply Depot  
  70  6:06  SCV  
  70  6:08  Marine  
  70  6:11  Supply Depot  
  73  6:14  Missile Turret  
  73  6:15  Marine x2  
  73  6:18  Marine  
  73  6:19  Medivac  
  73  6:20  Medivac  
  73  6:22  Supply Depot  
  77  6:26  Marine, SCV  
  77  6:32  Marine  
  77  6:33  Marine  
  77  6:36  Widow Mine x2, Marine  
  84  6:44  Marine  
  85  6:49  Command Center  
  85  6:50  Marine x2  
  85  6:54  Marine  
  87  6:55  SCV x2  
  87  6:57  Medivac  
  92  7:02  Marine  
  92  7:03  Medivac  
  92  7:08  SCV x2  
  96  7:12  Marine x3  
  96  7:20  Barracks, SCV x2, Marine  
  96  7:21  Barracks  
  85  7:30  Concussive Shells  
  85  7:31  Marauder x2  
  85  7:32  Marine, SCV x2  
  85  7:34  Refinery  
  85  7:36  Widow Mine x2  
  96  7:38  Marine  
  96  7:42  Medivac x2  
  100  7:44  SCV x2  
  99  7:51  Marine  
  99  7:52  Marauder  
  99  7:53  Marauder  
  99  7:56  Marine  
  102  8:01  SCV x2  
  104  8:13  Marauder, SCV x2  
  104  8:15  Widow Mine x2, Marauder  
  114  8:22  Medivac  
  114  8:24  Barracks Reactor, Barracks Tech Lab  
  114  8:25  Marine  
  117  8:27  Marine  
  117  8:28  Supply Depot x2  
  117  8:29  Medivac  
  117  8:32  SCV x2  
  121  8:36  Orbital Command  
  121  8:42  Supply Depot  
  121  8:44  Marauder, SCV x2  
  125  8:50  Marauder x2  
  128  9:01  Viking, Starport  
  128  9:02  Viking  
  130  9:05  SCV x3  
  130  9:08  Supply Depot  
  133  9:11  Marauder x2  
  133  9:13  Marauder  
  133  9:17  SCV x3  
  142  9:24  Refinery  
  142  9:25  Terran Infantry Armor Level 1, Refinery  
  142  9:28  Engineering Bay  
  142  9:29  SCV x3, Supply Depot  
  143  9:35  Viking, Ghost Academy  
  145  9:41  Viking  
  145  9:45  Viking  
  149  9:46  Viking  
  148  9:56  Command Center  
  146  10:06  Viking  
  140  10:11  Viking  
  140  10:13  Marine x4, Marauder x3  
  148  10:15  Viking  
  148  10:19  Terran Infantry Weapons Level 2, Supply Depot x2  
  150  10:23  Missile Turret  
  150  10:24  Viking  
  152  10:31  Marine  
  153  10:36  Viking  
  153  10:41  Viking  
  157  10:45  Barracks x2, Viking, Terran Ship Weapons Level 1  
  158  10:51  Barracks  
  158  10:52  Marine, Marauder x2  
  158  10:53  Marine, Marauder  
  158  10:55  Marine  
  167  11:00  SCV  
  167  11:01  SCV  
  167  11:02  Sensor Tower  
  167  11:03  SCV  
  170  11:13  Viking x3  
  170  11:28  Viking  
  170  11:29  SCV x2  
  170  11:30  SCV  
  174  11:37  Barracks Reactor, Barracks Tech Lab  
  174  11:43  Viking x2  
  180  11:48  Barracks Tech Lab, Marauder x2  
  180  11:52  Missile Turret  
  180  11:53  Marine x4  
  188  11:56  Supply Depot  
  188  11:57  Planetary Fortress  
  190  12:02  Marauder  
  190  12:03  Marauder  
  192  12:08  Ghost x2  
  194  12:16  Sensor Tower  
  194  12:29  Marauder  
  163  12:31  Marauder  
  163  12:32  Marauder  
  163  12:33  Marine  
  163  12:34  Marine x5  
  155  12:37  Marine  
  155  12:38  Marauder  
  155  12:43  Terran Infantry Weapons Level 3  
  154  12:51  Marine x2, Marauder  
  156  12:52  Marauder  
  156  12:53  Marauder  
  156  12:55  Ghost  
  163  12:58  Ghost, SCV x2  
  163  12:59  Command Center, Marine x3, SCV x2  
  163  13:00  Marine  
  172  13:06  Bunker  
  172  13:12  Marauder  
  174  13:13  Marauder  
  174  13:14  Marauder  
  174  13:15  Marine x2  
  171  13:22  Terran Infantry Armor Level 2  
  171  13:23  Marine  
  171  13:24  Marauder  
  171  13:27  Medivac  
  162  13:28  Marauder  
  162  13:29  Marine x2  
  162  13:33  Marauder  
  166  13:35  Marauder  
  166  13:36  Marine x2, Marauder  
  171  13:44  Marine x2  
  171  13:46  Marauder  
  172  13:49  Marauder, Marine x2  
  172  13:54  Marine x2  
  172  13:55  Marauder  
  180  13:56  Marauder  
  180  13:57  Marine  
  183  14:06  Ghost  
  185  14:10  Ghost  
  185  14:12  Marine x2  
  185  14:14  Ghost  
  185  14:16  Marauder  
  193  14:18  Marauder  
  193  14:19  Marine  
  196  14:25  Medivac x2  
  196  14:29  Missile Turret  
  199  14:42  Missile Turret x2  
  199  14:53  Planetary Fortress  
  199  14:57  Command Center x2  
  199  15:06  Ghost  
  188  15:14  Marauder x2  
  188  15:15  Marauder  
  188  15:18  Marauder  
Tags
 
Add a new tag
Caveats
  • Supply blocks, unpowered buildings, or Contaminate may cause inaccurate times.
  • Supply counts are checked every 10 seconds.